 Dungeon Crawl Stone Soup version 0.26-a0-23-g3ae7099 (webtiles) character file.

Game seed: 12551808748944960884, levelgen mode: deterministic

1754 thirtiethelement the Skirmisher (level 9, -5/72 HPs)
             Began as a Gnoll Abyssal Knight on May 27, 2020.
             Was a Priest of Lugonu.
             Slain by a hornet (10 damage)
             ... on level 6 of the Dungeon.
             The game lasted 00:20:42 (6073 turns).

thirtiethelement the Skirmisher (GnAK)              Turns: 6073, Time: 00:20:43

Health: -5/72      AC: 18    Str: 18    XL:     9   Next: 6%
Magic:  4/4        EV: 10    Int: 14    God:    Lugonu [***...]
Gold:   214        SH:  0    Dex: 21    Spells: 15/15 levels left

rFire    . . .     SeeInvis .   A - +5 war axe (antimagic)
rCold    . . .     Gourm    .   (no shield)
rNeg     . . .     Faith    .   h - +3 chain mail
rPois    .         Spirit   .   (no helmet)
rElec    .         Reflect  .   r - +1 cloak
rCorr    .         Harm     .   o - +0 pair of gloves
MR       +....                  K - +1 pair of boots
Stlth    ..........             B - amulet of magic regeneration
HPRegen  0.22/turn              t - ring of protection from magic
MPRegen  0.34/turn              m - +6 ring of dexterity

@: lethally poisoned (-5 -> -10), slowed, very slow
A: distributed training, fangs 1, strong nose
a: Depart the Abyss, Bend Space, Banish, Renounce Religion


You were on level 6 of the Dungeon.
You worshipped Lugonu.
Lugonu was most pleased with you.
You were not hungry.

You visited 2 branches of the dungeon, and saw 8 of its levels.
You visited the Abyss 1 time.

You collected 214 gold pieces.

Inventory:

Hand Weapons
 a - a +1 hand axe
 i - a +2 hand axe of venom
 A - a +5 antimagic war axe (weapon)
 E - the +7 mace "Wumych" {vorpal, +Rage Str-4 Dex+2}
   (You found it on level 4 of the Dungeon)

   It inflicts extra damage upon your enemies.
   It affects your strength (-4).
   It affects your dexterity (+2).
   It lets you go berserk.
 L - the +10 flail of Purpose {venom, Int+4}
   (You found it on level 6 of the Dungeon)

   It poisons the flesh of those it strikes.
   It affects your intelligence (+4).
Missiles
 p - 13 javelins (quivered)
Armour
 b - +2 steam dragon scales
 f - a +1 ring mail of cold resistance
 h - a +3 chain mail (worn)
 o - a +0 pair of gloves (worn)
 r - a +1 cloak (worn)
 K - a +1 pair of boots (worn)
Jewellery
 e - an uncursed ring of teleportation
 m - a +6 ring of dexterity (right hand)
 t - a ring of protection from magic (left hand)
 B - an amulet of magic regeneration (around neck)
 M - an uncursed ring of positive energy
Wands
 v - a wand of flame (18)
 D - a wand of paralysis (13)
 G - a wand of enslavement (1)
Scrolls
 n - 3 scrolls of remove curse
 y - 3 scrolls of amnesia
 I - 3 scrolls of teleportation
Potions
 d - 3 potions of resistance
 g - a potion of berserk rage {unknown}
 j - a potion of cancellation {unknown}
 k - a potion of lignification {unknown}
 l - a potion of haste {unknown}
 s - 4 potions of stabbing
 w - a potion of heal wounds {unknown}
 z - a potion of invisibility {unknown}
 C - 2 potions of magic
 F - a potion of mutation {unknown}
 H - a potion of flight {unknown}
Comestibles
 c - 8 rations


   Skills:
 + Level 7.6 Fighting
 + Level 3.8 Short Blades
 + Level 3.8 Long Blades
 + Level 6.0 Axes
 + Level 3.8 Maces & Flails
 + Level 3.8 Polearms
 + Level 3.8 Staves
 + Level 3.8 Slings
 + Level 3.8 Bows
 + Level 3.8 Crossbows
 + Level 3.8 Throwing
 + Level 6.0 Armour
 + Level 4.6 Dodging
 + Level 3.8 Stealth
 + Level 3.8 Shields
 + Level 3.8 Unarmed Combat
 + Level 3.8 Spellcasting
 + Level 3.1 Conjurations
 + Level 3.1 Hexes
 + Level 3.1 Charms
 + Level 3.1 Summonings
 + Level 3.1 Necromancy
 + Level 3.1 Translocations
 + Level 3.1 Transmutations
 + Level 3.1 Fire Magic
 + Level 3.1 Ice Magic
 + Level 3.1 Air Magic
 + Level 3.1 Earth Magic
 + Level 3.1 Poison Magic
 + Level 6.2 Invocations
 + Level 3.8 Evocations


You had 15 spell levels left.
You didn't know any spells.
Your spell library contained the following spells:

 Spells                   Type           Power        Failure   Level  Hunger
 Animate Skeleton         Necr           N/A          52%         1    None
 Apportation              Tloc           ##....       52%         1    None
 Corona                   Hex            ##.....      52%         1    None
 Summon Small Mammal      Summ           ##..         52%         1    None


Dungeon Overview and Level Annotations

Branches:
Dungeon (7/15)             Temple (1/1) D:6

Altars:
Ashenzari
Cheibriados
Dithmenos
Elyvilon
Fedhas
Gozag
Hepliaklqana
Kikubaaqudgha
Makhleb
Nemelex Xobeh
Okawaru
Qazlal
Ru
Sif Muna
Trog
Uskayaw
Vehumet
Wu Jian
Xom
Yredelemnul
Zin
The Shining One

Annotations:
D:2 exclusion: oklob plant


Innate Abilities, Weirdness & Mutations

Your experience applies equally to all skills.
You have very sharp teeth.
Your uncanny sense of smell can sniff out nearby items.


Message History

The hornet is severely wounded.
You closely miss the hornet. Your bite misses the hornet.
The hornet is severely wounded.
The hornet stings you but does no damage.
The hornet closely misses you.
You slash the hornet! Your bite misses the hornet.
The hornet is almost dead.
The hornet stings you but does no damage.
You closely miss the hornet.
The hornet is almost dead.
The hornet stings you.
* * * LOW HITPOINT WARNING * * *
You are lethally poisoned!
You feel yourself slow down.
The hornet stings you but does no damage.
You hit the hornet but do no damage.
The hornet is almost dead.
* * * LOW HITPOINT WARNING * * *
You feel sick. The hornet stings you!
You die...

#.....#. #.......
########.....#.
#####............##
#........[.......<.
#...........#####..
#....###.#### #..
#...## #.# #####..
#.@.# #.# ##......
##y## #.###..###..
#.# #.##..## #..
#.# #.##(## #.. #.#
##.##.# ##. #.#
##.....# ##
#.###...#########.
#((...............
#..†....###.......


You could see a hornet.

Vanquished Creatures
  Maggie (D:7)
  Sigmund (D:5)
  An orc warrior (D:6)
  A necrophage (D:6)
  An ogre (D:5)
  A centaur (D:6)
  A wyvern skeleton (D:6)
  A scorpion (D:5)
  2 howler monkeys
  Crazy Yiuf (D:4)
  6 orc priests
  A bullfrog skeleton (D:5)
  3 jellies
  Ijyb (D:5)
  5 orc wizards
  A worker ant (D:4)
  A howler monkey zombie (D:5)
  7 adders
  3 gnolls (D:6)
  3 oozes
  3 worms
  A dart slug (D:1)
  2 leopard geckos
  31 orcs
  A ball python (D:3)
  5 bats
  4 giant cockroaches
  11 hobgoblins
  4 jackals
  4 quokkas
  A ball python skeleton (D:4)
  2 frilled lizards
  12 goblins
  12 kobolds
  A leopard gecko zombie (D:4)
  2 rats (D:1)
138 creatures vanquished.

Vanquished Creatures (collateral kills)
  A bullfrog skeleton (D:7)
  A leopard gecko (D:6)
2 creatures vanquished.

Vanquished Creatures (others)
  An orc warrior (D:7)
1 creature vanquished.

Grand Total: 141 creatures vanquished

Notes
Turn   | Place    | Note
-------+----------+-------------------------------------------
     0 | Abyss:1  | thirtiethelement the Gnoll Abyssal Knight began the quest
                  | for the Orb.
     0 | Abyss:1  | Reached XP level 1. HP: 23/23 MP: 3/3
    77 | Abyss:2  | Found a corrupted altar of Lugonu.
   106 | Abyss:2  | Noticed a large abomination
   140 | Abyss:2  | Found a corrupted altar of Lugonu.
   141 | Abyss:2  | Found a corrupted altar of Lugonu.
   157 | Abyss:2  | Noticed a bone dragon
   169 | Abyss:2  | Noticed a catoblepas skeleton
   176 | Abyss:2  | Noticed a wretched star
   177 | D:1      | Escaped the Abyss
   273 | D:1      | Reached * piety under Lugonu
   278 | D:1      | Reached XP level 2. HP: 28/29 MP: 5/5
   831 | D:2      | Reached XP level 3. HP: 35/35 MP: 6/6
   856 | D:2      | Found a faded altar of an unknown god.
   943 | D:2      | Reached skill level 1 in Short Blades
   943 | D:2      | Reached skill level 1 in Long Blades
   943 | D:2      | Reached skill level 1 in Maces & Flails
   943 | D:2      | Reached skill level 1 in Polearms
   943 | D:2      | Reached skill level 1 in Staves
   943 | D:2      | Reached skill level 1 in Slings
   943 | D:2      | Reached skill level 1 in Bows
   943 | D:2      | Reached skill level 1 in Crossbows
   943 | D:2      | Reached skill level 1 in Throwing
   943 | D:2      | Reached skill level 1 in Stealth
   943 | D:2      | Reached skill level 1 in Shields
   943 | D:2      | Reached skill level 1 in Unarmed Combat
   943 | D:2      | Reached skill level 1 in Spellcasting
   943 | D:2      | Reached skill level 1 in Evocations
  1093 | D:2      | Reached XP level 4. HP: 41/41 MP: 7/7
  1168 | D:2      | Reached skill level 1 in Conjurations
  1168 | D:2      | Reached skill level 1 in Hexes
  1168 | D:2      | Reached skill level 1 in Charms
  1168 | D:2      | Reached skill level 1 in Summonings
  1168 | D:2      | Reached skill level 1 in Necromancy
  1168 | D:2      | Reached skill level 1 in Translocations
  1168 | D:2      | Reached skill level 1 in Transmutations
  1168 | D:2      | Reached skill level 1 in Fire Magic
  1168 | D:2      | Reached skill level 1 in Ice Magic
  1168 | D:2      | Reached skill level 1 in Air Magic
  1168 | D:2      | Reached skill level 1 in Earth Magic
  1168 | D:2      | Reached skill level 1 in Poison Magic
  1574 | D:2      | Found a blossoming altar of Fedhas.
  1592 | D:2      | Noticed an oklob plant
  1786 | D:3      | Reached XP level 5. HP: 47/47 MP: 8/8
  1788 | D:3      | Reached ** piety under Lugonu
  2373 | D:4      | Found a radiant altar of Vehumet.
  2373 | D:4      | Found a basalt altar of Yredelemnul.
  2373 | D:4      | Found a hazy altar of Hepliaklqana.
  2384 | D:4      | Reached skill level 5 in Invocations
  2384 | D:4      | Reached XP level 6. HP: 52/53 MP: 9/9
  2387 | D:4      | Found a bloodstained altar of Trog.
  2397 | D:4      | Found a snail-covered altar of Cheibriados.
  2401 | D:4      | Found a shimmering altar of Xom.
  2640 | D:4      | Got a crystal mace
  2641 | D:4      | Identified the +7 mace "Wumych" {vorpal, +Rage Str-4 Dex+2}
                  | (You found it on level 4 of the Dungeon)
  2934 | D:4      | Found a runed translucent door.
  2935 | D:4      | Noticed Crazy Yiuf
  2943 | D:4      | Killed Crazy Yiuf
  2943 | D:4      | Reached skill level 5 in Axes
  2943 | D:4      | Reached skill level 5 in Armour
  3190 | D:5      | Entered Level 5 of the Dungeon
  3353 | D:5      | Reached XP level 7. HP: 36/59 MP: 3/10
  3595 | D:5      | Found a shattered altar of Ashenzari.
  3740 | D:5      | Noticed Sigmund
  3740 | D:5      | Noticed Ijyb
  3742 | D:5      | Killed Sigmund
  3742 | D:5      | Reached skill level 7 in Fighting
  3759 | D:5      | Killed Ijyb
  4313 | D:6      | Found a staircase to the Ecumenical Temple.
  4324 | Temple   | Entered the Ecumenical Temple
  4545 | D:6      | Reached XP level 8. HP: 67/67 MP: 4/12
  4642 | D:6      | Reached *** piety under Lugonu
  4722 | D:6      | Got a steaming flail
  4733 | D:6      | Identified the +10 flail of Purpose {venom, Int+4} (You
                  | found it on level 6 of the Dungeon)
  5613 | D:7      | Noticed Maggie
  5623 | D:7      | Killed Maggie
  5660 | D:7      | Noticed a hornet
  5693 | D:7      | Paralysed by a hornet for 3 turns
  5700 | D:7      | Reached XP level 9. HP: 5/72 MP: 4/14
  6010 | D:7      | Paralysed by a hornet for 1 turns
  6030 | D:6      | HP: 2/72 [necrophage (6)]
  6073 | D:6      | Slain by a hornet

Illustrated notes

Levels and vault maps discovered:
D:1:      tarquinn_simple_flora_water_d, layout_loops_ring
D:2:      layout_basic, chequers_ecumenical_altar_simple, tgw_fedhas
D:3:      wander_river, layout_loops_ring
D:4:      layout_loops_ring, minmay_overflow_temple_hex, first_ration,
          uniq_crazy_yiuf_cottage
D:5:      layout_loops_cross, evilmike_ruin_ashenzari, uniq_sigmund, uniq_ijyb
D:6:      corexii_shantytown, layout_rooms, minmay_temple_entry_antechambers
D:7:      layout_rooms, hex_medium, the_bakery, uniq_maggie, uniq_joseph
Temple:   regret_index_temple_sphere_string

Skill      XL: |  1  2  3  4  5  6  7  8  9 |
---------------+----------------------------+-----
Short Blades   | 1 2 3 |  3.8
Long Blades    | 1 2 3 |  3.8
Maces & Flails | 1 2 3 |  3.8
Polearms       | 1 2 3 |  3.8
Staves         | 1 2 3 |  3.8
Slings         | 1 2 3 |  3.8
Bows           | 1 2 3 |  3.8
Crossbows      | 1 2 3 |  3.8
Throwing       | 1 2 3 |  3.8
Stealth        | 1 2 3 |  3.8
Shields        | 1 2 3 |  3.8
Unarmed Combat | 1 2 3 |  3.8
Spellcasting   | 1 2 3 |  3.8
Evocations     | 1 2 3 |  3.8
Conjurations   | 1 2 3 |  3.1
Hexes          | 1 2 3 |  3.1
Charms         | 1 2 3 |  3.1
Summonings     | 1 2 3 |  3.1
Necromancy     | 1 2 3 |  3.1
Translocations | 1 2 3 |  3.1
Transmutations | 1 2 3 |  3.1
Fire Magic     | 1 2 3 |  3.1
Ice Magic      | 1 2 3 |  3.1
Air Magic      | 1 2 3 |  3.1
Earth Magic    | 1 2 3 |  3.1
Poison Magic   | 1 2 3 |  3.1
Dodging        | 3 4 |  4.6
Invocations    | 5 6 |  6.2
Axes           | 5 6 |  6.0
Armour         | 5 6 |  6.0
Fighting       | 7 |  7.6

Action                   |  1- 3 |  4- 6 |  7- 9 || total
-------------------------+-------+-------+-------++-------
Melee: Hand axe          |    52 |    76 |       ||   128
       Bite              |     1 |    11 |    19 ||    31
       Punch             |       |     1 |     2 ||     3
       War axe           |       |    33 |   170 ||   203
Throw: Javelin           |     6 |     5 |     3 ||    14
Invok: Depart the Abyss  |     1 |       |       ||     1
Evoke: Wand              |       |       |    17 ||    17
  Use: Scroll            |     2 |    15 |    10 ||    27
       Potion            |       |       |     2 ||     2
  Eat: Chunk             |     1 |     3 |     3 ||     7
       Ration            |       |     1 |     2 ||     3
Armor: Chain mail        |    33 |    56 |   132 ||   221
Dodge: Dodged            |    20 |    46 |    90 ||   156

Table legend:
 A = Non-vault XP
 B = Vault XP
 C = Vault XP percentage of total XP
 D = Non-vault monster count
 E = Vault monster count
 F = Vault count percentage of total count
                 A         B        C        D         E       F
            +---------+---------+-------+---------+---------+-------
      Total |    1688 |     819 |  32.7 |     106 |      34 |  24.3
            +---------+---------+-------+---------+---------+-------
        D:1 |      27 |       0 |   0.0 |      14 |       0 |   0.0
        D:2 |     118 |       0 |   0.0 |      20 |       0 |   0.0
        D:3 |     150 |       0 |   0.0 |      20 |       0 |   0.0
        D:4 |     116 |      41 |  26.1 |      11 |       1 |   8.3
        D:5 |     302 |     259 |  46.2 |       7 |       2 |  22.2
        D:6 |     807 |     104 |  11.4 |      23 |      30 |  56.6
        D:7 |     168 |     415 |  71.2 |      11 |       1 |   8.3
            +---------+---------+-------+---------+---------+-------
